 Dungeon Crawl Stone Soup version 0.30-a0-578-gdee14c521f (webtiles) character file.

Game seed: 7413062538068030870

311 wormed the Covert (level 6, -5/39 HPs)
             Began as a Kobold Delver on Jan 1, 2023.
             Slain by a hobgoblin
             ... wielding a +0 flail
             ... led by Robin
              (11 damage)
             ... on level 4 of the Dungeon.
             The game lasted 00:05:44 (3959 turns).

wormed the Covert (Kobold Delver)                   Turns: 3959, Time: 00:05:45

Health: -5/39      AC:  6    Str: 10    XL:     6   Next: 70%
Magic:  6/6        EV: 17    Int: 11    God:
Gold:   194        SH:  0    Dex: 24    Spells: 5/5 levels left

rFire   . . .      SeeInvis .    e - +1 short sword (flame)
rCold   . . .      Faith    .    (no shield)
rNeg    . . .      Spirit   .    b - +0 leather armour
rPois   .          Reflect  .    (no helmet)
rElec   .          Harm     .    w - +1 cloak
rCorr   .          Rampage  .    (no gloves)
Will    .....                    q - +0 pair of boots
Stlth   +++++                    (no amulet)
HPRegen 0.26/turn                a - +6 ring of dexterity
MPRegen 0.10/turn                (no ring)

@: no status effects
A: small, no large weapons, nightstalker 3
a: no special abilities


You were on level 4 of the Dungeon.
You visited 1 branch of the dungeon, and saw 5 of its levels.

You collected 194 gold pieces.

Inventory:

Hand Weapons
 e - a +1 short sword of flaming (weapon)
Armour
 b - a +0 leather armour (worn)
 q - a +0 pair of boots (worn)
 w - a +1 cloak (worn)
Jewellery
 a - a +6 ring of dexterity (left hand)
Wands
 g - a wand of digging (3)
 i - a wand of iceblast (7)
Scrolls
 d - a scroll of enchant armour {unknown}
 k - a scroll of noise {unknown}
 l - 3 scrolls of teleportation {unknown}
 m - 2 scrolls of identify {unknown}
 n - a scroll of poison {unknown}
 o - 2 scrolls of silence {unknown}
 r - 2 scrolls of blinking {unknown}
 s - 2 scrolls of immolation {unknown}
 u - a scroll of magic mapping
 v - a scroll of brand weapon {unknown}
Potions
 f - a potion of might {unknown}
 h - a potion of heal wounds {unknown}
 j - 3 potions of curing {unknown}
 p - a potion of brilliance {unknown}
 t - 2 potions of mutation {unknown}
 x - a potion of degeneration {unknown}


   Skills:
 + Level 4.7 Fighting
 + Level 4.9 Short Blades
 + Level 4.4 Dodging
 + Level 8.0 Stealth


You had 5 spell levels left.
You didn't know any spells.
Your spell library contained the following spells:

 Spells                   Type           Power      Damage    Failure   Level
 Foxfire                  Conj/Fire      0%         2x1d4     43%         1
 Freeze                   Ice            0%         1d3       43%         1
 Frozen Ramparts          Ice            0%         1d1       82%         3
 Hailstorm                Conj/Ice       0%         3d3       82%         3
 Ozocubu's Armour         Ice            0%         N/A       82%         3
 Fireball                 Conj/Fire      0%         3d3       100%        5
 Starburst                Conj/Fire      0%         6d3       100%        6
 Ozocubu's Refrigeration  Ice            0%         4d7       100%        7


Dungeon Overview and Level Annotations

Branches:
Dungeon (5/15)
 Temple: D:4-7

Altars:
Dithmenos
Hepliaklqana
Ru
Yredelemnul
The Shining One

Shops:
D:2 *

Annotations:
D:4 Grinder, Robin


Innate Abilities, Weirdness & Mutations

You are small and have problems with some larger weapons.
You are completely attuned to the shadows.


Message History

Robin throws the goblin at you! The goblin hits you but does no damage.
The goblin misses you.
Things that are here:
a +0 club; a goblin corpse You hit the goblin but do no damage.
The goblin misses you. The goblin hits you with a +0 club.
The goblin completely misses you.
You hit the goblin. You burn the goblin.
You kill the goblin!
The goblin hits you with a +0 club. Robin throws the goblin at you!
The goblin barely misses you. x2
You hit the goblin. You burn the goblin.
You kill the goblin!
The goblin misses you. The goblin closely misses you.
You hit the goblin. You burn the goblin.
You kill the goblin!
The goblin attacks as you move away! The goblin hits you with a +0 club.
Robin throws the goblin at you! The goblin closely misses you.
You see here a +0 club.
The iguana hisses menacingly.
You hit the goblin. You burn the goblin.
You kill the goblin!
The hobgoblin closely misses you.
Things that are here:
a +0 club; a goblin corpse You hit the hobgoblin.
You burn the hobgoblin.
You kill the hobgoblin!
You hit the iguana but do no damage. You hit the iguana. You burn the iguana.
The iguana is moderately wounded.
The iguana bites you!
You barely miss the iguana.
The iguana is moderately wounded.
The iguana barely misses you.
You closely miss the iguana.
The iguana is moderately wounded.
Robin closely misses you. The iguana bites you!
* * * LOW HITPOINT WARNING * * *
As you read the scroll of fog, it crumbles to dust.
The scroll dissolves into smoke.
The hobgoblin hits you with a +0 flail!
You die...

#g.g.. # #g....
####### #.....
......####..l..
##....>....#.
#...
<..####.g....
#..# ####
####.g###§# )#
#..gggg# .#
..g###l@# .##
.. #§§## g.# .
#§§§# ...s..
#.#.# ......
###.#..#
.#...#..
#...##.#
.....#..
#.##.###
......#.
#.....##
........
####...####


You could see an iguana, Robin and 2 hobgoblins.

Vanquished Creatures
  An orc priest (D:3)
  A hound (D:5)
  Crazy Yiuf (D:2)
  An orc wizard (D:3)
  An iguana (D:4)
  6 gnolls
  4 adders
  4 dart slugs
  8 orcs
  7 ball pythons
  2 bats
  3 endoplasms
  3 giant cockroaches
  11 goblins
  5 hobgoblins
  2 jackals (D:1)
  A kobold (D:2)
  2 quokkas
  A frilled lizard (D:2)
  6 rats
70 creatures vanquished.

Vanquished Creatures (others)
  A fungus (D:2)
1 creature vanquished.

Grand Total: 71 creatures vanquished

Notes
Turn   | Place    | Note
-------+----------+-------------------------------------------
     0 | D:5      | wormed the Kobold Delver began the quest for the Orb.
     0 | D:5      | Reached XP level 1. HP: 14/14 MP: 1/1
    22 | D:5      | Found a glowing golden altar of the Shining One.
    25 | D:5      | Noticed an angel
    37 | D:5      | Found a basalt altar of Yredelemnul.
    38 | D:5      | Noticed Grinder
    41 | D:5      | Paralysed by Grinder for 3 turns
    52 | D:5      | Paralysed by Grinder for 5 turns
    58 | D:4      | Noticed a scorpion
    59 | D:4      | Noticed a phantom
   110 | D:5      | Reached XP level 2. HP: 19/19 MP: 2/2
   233 | D:5      | Found a sacrificial altar of Ru.
   330 | D:5      | Reached skill level 7 in Stealth
   330 | D:5      | Reached XP level 3. HP: 24/24 MP: 3/3
   359 | D:4      | Noticed Robin
   490 | D:3      | Reached XP level 4. HP: 16/29 MP: 4/4
  1013 | D:2      | Found a faded altar of an unknown god.
  1059 | D:2      | Reached XP level 5. HP: 33/33 MP: 5/5
  1146 | D:2      | Found the +11 plutonium sword {Contam Stlth-}
  2424 | D:2      | Found Zumewud's General Store.
  2625 | D:2      | Found a runed translucent door.
  2628 | D:2      | Noticed Crazy Yiuf
  2633 | D:2      | Killed Crazy Yiuf
  2766 | D:3      | Reached XP level 6. HP: 28/39 MP: 6/6
  3412 | D:3      | Found a shadowy altar of Dithmenos.
  3461 | D:3      | Found a hazy altar of Hepliaklqana.
  3667 | D:3      | Reached skill level 8 in Stealth
  3959 | D:4      | Slain by a hobgoblin

Illustrated notes

Levels and vault maps discovered:
D:1:      lightli_arrival_flooded_house, layout_loops_ring, serial_bayou_pond_c,
          kennysheep_pointless_box
D:2:      layout_rooms, hellmonk_ecumenical_altar_crossroads, serial_shops,
          shop_fountains, minmay_strange_pillars, grunt_ministairs_2,
          uniq_crazy_yiuf_cottage
D:3:      layout_basic, general_overflow_altar,
          worldfamousw_hep_ancestral_shrine, nicolae_figureground_pulse
D:4:      layout_rooms, lemuel_flame_loot_1, uniq_robin
D:5:      layout_rooms, grunt_temple_overflow_holy_war,
          mainiacjoe_overflow_alcove_2, mainiacjoe_overflow_surrounded_room,
          uniq_pikel, uniq_grinder

Skill      XL: |  1  2  3  4  5  6 |
---------------+-------------------+-----
Short Blades   | 3 4 |  4.9
Dodging        | 3 4 |  4.4
Stealth        | 7 8 |  8.0
Fighting       | 4 |  4.7

Action                   |  1- 3 |  4- 6 || total
-------------------------+-------+-------++-------
Melee: Short sword       |    23 |   203 ||   226
       Punch             |       |     4 ||     4
  Use: Scroll            |     2 |     2 ||     4
       Potion            |       |     1 ||     1
 Stab: Sleeping          |     6 |    26 ||    32
       Distracted        |       |     1 ||     1
Armor: Leather armour    |     1 |    21 ||    22
Dodge: Dodged            |    20 |   106 ||   126

Table legend: (Time is in decaauts)
 A = Elapsed time spent in this place.
 B = Non-inter-level travel time spent in this place.
 C = Inter-level travel time spent in this place.
 D = Time resting spent in this place.
 E = Time spent auto-exploring this place.
 F = Levels seen in this place.
 G = Mean time per level.
                   A        B        C        D        E       F      G
               +--------+--------+--------+--------+--------+-----+--------+
         Total |   3905 |   3715 |    190 |     94 |   2756 |   5 |  781.0 |
       Dungeon |   3905 |   3715 |    190 |     94 |   2756 |   5 |  781.0 |
               +--------+--------+--------+--------+--------+-----+--------+

Top non-repeatable levels by time:
     D:3: 1713 daAuts
     D:1: 936 daAuts
     D:2: 762 daAuts
     D:5: 353 daAuts
     D:4: 138 daAuts
